 Dungeon Crawl Stone Soup version 0.24-a0-416-g56ce5178b7 (webtiles) character file.

Game seed: 10446146379578601590

137 emperorscorpion the Shield-Bearer (level 5, 0/32 HPs)
             Began as a Vampire Fighter on June 9, 2019.
             Was a Follower of Okawaru.
             Slain by a worker ant (5 damage)
             ... on level 4 of the Dungeon.
             The game lasted 00:02:58 (687 turns).

emperorscorpion the Shield-Bearer (Vampire Fighter)  Turns: 687, Time: 00:02:59

Health: 0/32       AC:  6    Str: 16    XL:     5   Next: 0%
Magic:  5/5        EV:  7    Int: 11    God:    Okawaru [*.....]
Gold:   8          SH:  9    Dex: 13    Spells: 4/4 levels left

rFire    . . .     SeeInvis +   a - +0 war axe
rCold    + + .     Gourm    .   c - +0 shield
rNeg     + + +     Faith    .   b - +0 scale mail
rPois    ∞         Spirit   .   (no helmet)
rElec    .         Reflect  .   (no cloak)
rCorr    .         Harm     .   (no gloves)
MR       .....                  (no boots)
Stlth    ++........             (no amulet)
HPRegen  0.00/turn              (no ring)
MPRegen  0.09/turn              (no ring)

@: lethally poisoned (0 -> 0), bloodless, regenerating quickly
A: no food, fangs 3, see invisible, unbreathing
a: Bat Form, Revivify, Heroism, Renounce Religion


You were on level 4 of the Dungeon.
You worshipped Okawaru.
Okawaru was aware of your devotion.
You were bloodless.

You visited 1 branch of the dungeon, and saw 4 of its levels.

You collected 8 gold pieces.

Inventory:

Hand Weapons
 a - a +0 war axe (weapon)
 o - the +7 dagger "Thing" {drain, +Fly rF- MP-9 Int+9}
   (You found it on level 4 of the Dungeon)

   A truly terrible weapon, it drains the life of those it strikes.
   It affects your intelligence (+9).
   It makes you vulnerable to fire.
   It affects your magic capacity (-9).
   It lets you fly.
Armour
 b - a +0 scale mail (worn)
 c - a +0 shield (worn)
Scrolls
 e - a scroll of identify
 f - a scroll of immolation {unknown}
 g - a scroll of fog {unknown}
 h - a scroll of enchant weapon {unknown}
 j - 2 scrolls of teleportation {unknown}
 l - a scroll of magic mapping {unknown}
 m - a scroll of remove curse {unknown}
 n - a scroll of enchant armour {unknown}


   Skills:
 + Level 3.0 Fighting
 + Level 3.3 Axes
 + Level 2.9 Armour
 + Level 0.2 Dodging
 + Level 3.6 Shields


You had 4 spell levels left.
You didn't know any spells.
Your spell library was empty.

Dungeon Overview and Level Annotations

Branches:
Dungeon (4/15)
 Temple: D:4-7

Altars:
Okawaru


Innate Abilities, Weirdness & Mutations

You do not eat.
You do not regenerate when monsters are visible.
You are frail without blood (-20% HP).
You are immune to poison.
You have razor-sharp teeth.
You have supernaturally acute eyesight. (SInv)
You can survive without breathing.


Message History

The worker ant bites you but does no damage.
Your shield and scale mail prevent you from hitting the worker ant.
The worker ant is severely wounded.
You block the worker ant's attack. x2
You hit the worker ant.
The worker ant is severely wounded.
The worker ant bites you. You block the worker ant's attack.
You hit the worker ant but do no damage.
The worker ant is severely wounded.
The worker ant completely misses you.
You barely miss the worker ant.
The worker ant is severely wounded.
The worker ant bites you.
* * * LOW HITPOINT WARNING * * *
The worker ant bites you.
* * * LOW HITPOINT WARNING * * *
You hit the worker ant but do no damage.
The worker ant is severely wounded.
You block the worker ant's attack. The worker ant bites you.
You die...

#.# ...... #.####......
##### ##...........
#...########...# .......
#..............# .......
#...######s....##.......
##.## #S##......$....
#.# #a###.......... #.#
#@# ###........ #.# #.#
##.....## #.# #.# ....##
###)# #.# ....# #...#
#.# .....# #.### #.#
....... #.# #.# .....##
#.## #.# #W<#


You could see a worker ant, an adder and a giant cockroach.

Vanquished Creatures
  A phantom (D:4)
  2 gnolls
  An adder (D:3)
  A leopard gecko (D:3)
  3 orcs (D:4)
  A hobgoblin (D:1)
  2 quokkas
  4 bats
  A frilled lizard (D:3)
  2 kobolds (D:1)
  4 rats
22 creatures vanquished.

Notes
Turn   | Place    | Note
-------+----------+-------------------------------------------
     0 | D:1      | emperorscorpion the Vampire Fighter began the quest for the
                  | Orb.
     0 | D:1      | Reached XP level 1. HP: 17/17 MP: 1/1
   342 | D:2      | Found an iron altar of Okawaru.
   348 | D:2      | Became a worshipper of Warmaster Okawaru
   384 | D:3      | Reached XP level 2. HP: 23/23 MP: 2/2
   468 | D:3      | Reached XP level 3. HP: 24/28 MP: 3/3
   554 | D:4      | Noticed a phantom
   569 | D:4      | Got a twisted dagger
   597 | D:4      | Killed a phantom
   597 | D:4      | Reached * piety under Okawaru
   597 | D:4      | Reached XP level 4. HP: 19/35 MP: 4/4
   598 | D:4      | Identified the +7 dagger "Thing" {drain, +Fly rF- MP-9
                  | Int+9} (You found it on level 4 of the Dungeon)
   661 | D:4      | Reached XP level 5. HP: 41/41 MP: 5/5
   687 | D:4      | Slain by a worker ant

Levels and vault maps discovered:
D:1:      minmay_arrival_cross, layout_loops_corners
D:2:      layout_loops_corners, xom_butterflies, dancing_weapons_uskayaw,
          old_standard_altar, cheibriados_altar_1, marbit_many_paths,
          okawaru_gym_becter, grunt_temple_overflow_growth_and_decay
D:3:      layout_basic, nicolae_tso_swordbearing_angel, first_ration
D:4:      layout_loops_ring, uniq_menkaure, uniq_grinder

Skill      XL: |  1  2  3 |
---------------+----------+-----
Axes           | 2 3 |  3.3
Shields        | 3 |  3.6
Fighting       | 3 |  3.0
Armour         | |  2.9
Dodging        | |  0.2

Action                   |  1- 3 |  4- 6 || total
-------------------------+-------+-------++-------
Melee: War axe           |    74 |    12 ||    86
       Bite              |     8 |       ||     8
 Abil: Exsanguinate      |       |     1 ||     1
  Use: Potion            |     3 |       ||     3
       Scroll            |     1 |       ||     1
Armor: Scale mail        |    21 |     5 ||    26
Dodge: Dodged            |    21 |     2 ||    23
Block: Shield            |    31 |     9 ||    40

Table legend:
 A = Non-vault XP
 B = Vault XP
 C = Vault XP percentage of total XP
 D = Non-vault monster count
 E = Vault monster count
 F = Vault count percentage of total count
                 A         B        C        D         E       F
            +---------+---------+-------+---------+---------+-------
      Total |     197 |       0 |   0.0 |      22 |       0 |   0.0
            +---------+---------+-------+---------+---------+-------
        D:1 |       7 |       0 |   0.0 |       6 |       0 |   0.0
        D:2 |       2 |       0 |   0.0 |       2 |       0 |   0.0
        D:3 |      38 |       0 |   0.0 |       8 |       0 |   0.0
        D:4 |     150 |       0 |   0.0 |       6 |       0 |   0.0
            +---------+---------+-------+---------+---------+-------
